 Dungeon Crawl Stone Soup version 0.23.2-33-g5129a83 (webtiles) character file.

Game seed: 4423073840981421046

74 Aphrodieselac the Charmwright (level 4, -12/33 HPs)
             Began as a Merfolk Skald on Aug 7, 2019.
             Mangled by a gnoll
             ... wielding a +0 halberd
              (16 damage)
             ... on level 2 of the Dungeon.
             The game lasted 00:06:41 (2079 turns).

Aphrodieselac the Charmwright (Merfolk Skald)       Turns: 2079, Time: 00:06:42

Health: -12/33     AC:  3    Str: 12    XL:     4   Next: 30%
Magic:  6/7        EV: 12    Int: 12    God:
Gold:   77         SH:  0    Dex: 13    Spells: 2/7 levels left

rFire    . . .     SeeInvis .   a - +0 spear
rCold    . . .     Gourm    .   (no shield)
rNeg     . . .     Faith    .   b - +0 leather armour
rPois    .         Spirit   .   (no helmet)
rElec    .         Reflect  .   (no cloak)
rCorr    .         Harm     .   (no gloves)
MR       .....                  (no boots)
Stlth    +.........             (no amulet)
HPRegen  0.11/turn              (no ring)
MPRegen  0.10/turn              (no ring)

@: very slightly contaminated
A: change form in water, swift swim, stealthy swim
a: no special abilities


You were on level 2 of the Dungeon.
You were not hungry.

You visited 1 branch of the dungeon, and saw 2 of its levels.

You collected 77 gold pieces.

Inventory:

Hand Weapons
 a - a +0 spear (weapon)
Armour
 b - a +0 leather armour (worn)
 h - a +1 ring mail of cold resistance
Jewellery
 i - a cursed ring of teleportation {unknown}
 k - an uncursed ring of poison resistance {unknown}
Scrolls
 c - a scroll of teleportation {unknown}
 e - 2 scrolls of immolation {unknown}
 j - 4 scrolls of magic mapping {unknown}
 n - a scroll of identify {unknown}
Potions
 f - a potion of mutation {unknown}
 g - a potion of curing {unknown}
 m - a potion of brilliance {unknown}
Comestibles
 d - 4 rations


   Skills:
 - Level 2.1 Fighting
 + Level 4.4 Polearms
 - Level 0.6 Armour
 - Level 2.6 Dodging
 - Level 2.0 Spellcasting
 * Level 4.9 Charms


You had 2 spell levels left.
You knew the following spells:

 Your Spells              Type           Power        Failure   Level  Hunger
a - Infusion              Chrm           ##..         4%          1    ##.....
b - Song of Slaying       Chrm           ##......     7%          2    ###....
c - Shroud of Golubria    Chrm/Tloc      #.........   19%         2    ###....

Your spell library contained the following spells:

 Spells                   Type           Power        Failure   Level  Hunger
 Regeneration             Chrm/Necr      #.........   36%         3    ####...
 Spectral Weapon          Hex/Chrm       #.......     36%         3    ####...


Dungeon Overview and Level Annotations

Branches:
Dungeon (2/15)

Altars:


Message History

You kill the jackal!
A gnoll comes into view. It is wielding a +0 halberd.
You see here a jackal corpse.
You butcher the jackal corpse.
The gnoll drinks a potion.
The gnoll seems to speed up.
Things that are here:
3 chunks of flesh; a jackal skeleton The gnoll closely misses you.
Casting: Infusion (safe; 4% risk of failure)
Confirm with . or Enter, or press ? or * to list all spells.
You miscast Shroud of Golubria.
You are very lightly contaminated with residual magic.
The air around you crackles with energy!
The gnoll hits you from afar with a +0 halberd!
The gnoll closely misses you.
The gnoll hits you from afar with a +0 halberd!
The gnoll hits you from afar with a +0 halberd!
* * * LOW HITPOINT WARNING * * *
The gnoll hits you from afar with a +0 halberd!
You die...

#...###.(..##.#...#..# #.
#...###).##.#...#.)#### #.
#.....(##...........# #.
##)##..#####..#..####### #.
#..#...................# #.
##.##.............#####.# #. #
#..#.................##.###. ..#
##.##.#..#####g.#............
#...#..#..#.....@............##[.
#...##>##.............#.#..##..
###.##.##...............#..##..
#.##.....#####........#..##..
..##............##....#..##..
#.####...##...#..##....#..##.. ..
#...##...#..##....#..##.. #.#
#........#..#....[...##.. ..#
#####....+........#####..


You could see a gnoll.

Vanquished Creatures
  3 adders (D:2)
  3 dart slugs (D:1)
  2 leopard geckos
  A giant cockroach (D:2)
  6 hobgoblins
  A jackal (D:2)
  7 kobolds
  7 bats
  4 frilled lizards (D:1)
  2 goblins (D:1)
  5 rats
41 creatures vanquished.

Notes
Turn   | Place    | Note
-------+----------+-------------------------------------------
     0 | D:1      | Aphrodieselac the Merfolk Skald began the quest for the
                  | Orb.
     0 | D:1      | Reached XP level 1. HP: 16/16 MP: 3/3
   273 | D:1      | Reached XP level 2. HP: 14/22 MP: 5/5
   792 | D:1      | Reached XP level 3. HP: 27/27 MP: 6/6
  1132 | D:2      | Learned a level 2 spell: Song of Slaying
  1135 | D:2      | Learned a level 2 spell: Shroud of Golubria
  1693 | D:2      | Reached XP level 4. HP: 22/33 MP: 7/7
  2079 | D:2      | Mangled by a gnoll

Skill      XL: |  1  2  3 |
---------------+----------+-----
Charms         | 4 |  4.9
Polearms       | 4 |  4.4
Fighting       | |  2.1
Armour         | |  0.6
Dodging        | |  2.6
Spellcasting   | |  2.0

Action                   |  1- 3 |  4- 6 || total
-------------------------+-------+-------++-------
Melee: Spear             |   145 |    35 ||   180
 Cast: Infusion          |     4 |     3 ||     7
 Stab: Sleeping          |     1 |       ||     1
  Eat: Chunk             |     3 |     1 ||     4
Armor: Leather armour    |    34 |     3 ||    37
Dodge: Dodged            |    86 |    15 ||   101
